 Dungeon Crawl Stone Soup version 0.27-a0-406-g23f261fbd2 (webtiles) character file.

Game seed: 12625582300611493644

239 dickylongcocking the Slasher (level 5, 0/41 HPs)
             Began as a Demonspawn Abyssal Knight on Feb 22, 2021.
             Was a Priest of Lugonu.
             Succumbed to kobold brigand's curare-tipped dart
             ... in a sewer.
             The game lasted 00:02:07 (2469 turns).

dickylongcocking the Slasher (DsAK)                 Turns: 2469, Time: 00:02:08

Health: 0/41       AC:  8    Str: 14      XL:     5   Next: 79%
Magic:  6/6        EV: 10    Int: 18 (19) God:    Lugonu [***...]
Gold:   112        SH:  0    Dex: 10 (12) Spells: 4/4 levels left

rFire    . . .     SeeInvis .   a - +1 falchion
rCold    . . .     Faith    .   (no shield)
rNeg     . . .     Spirit   .   f - +0 ring mail
rPois    .         Reflect  .   g - +0 helmet
rElec    .         Harm     .   (no cloak)
rCorr    .         Rampage  .   (no gloves)
Will     .....                  (no boots)
Stlth    ..........             (no amulet)
HPRegen  0.13/turn              n - +6 ring of intelligence
MPRegen  0.10/turn              (no ring)

@: mighty, lethally poisoned (0 -> -1), very slightly contaminated, invisible
A: talons 2, sharp scales 2
a: Renounce Religion, Depart the Abyss, Bend Space, Banish


You were in a sewer.
You worshipped Lugonu.
Lugonu was most pleased with you.
You visited 1 branch of the dungeon, and saw 3 of its levels.
You visited the Abyss 1 time.
You also visited: Sewer.

You collected 112 gold pieces.

Inventory:

Hand Weapons
 a - a +1 falchion (weapon)
Armour
 b - a +0 leather armour
 f - a +0 ring mail (worn)
 g - a +0 helmet (worn)
Jewellery
 n - a +6 ring of intelligence (left hand)
Wands
 k - a wand of flame (16)
Scrolls
 c - 6 scrolls of identify {unknown}
 d - a scroll of immolation {unknown}
 h - a scroll of enchant weapon {unknown}
 i - a scroll of noise {unknown}
 j - a scroll of teleportation {unknown}
 m - a scroll of magic mapping {unknown}
Potions
 l - a potion of might


   Skills:
 - Level 3.0 Fighting
 * Level 5.6 Long Blades
 - Level 1.7 Armour
 - Level 0.8 Dodging
 - Level 2.4 Invocations


You had 4 spell levels left.
You didn't know any spells.
Your spell library was empty.

Dungeon Overview and Level Annotations

Branches:
Dungeon (3/15)              Sewer (1/1)

Altars:
Nemelex Xobeh


Innate Abilities, Weirdness & Mutations

You have razor-sharp toenails.
You are mostly covered in razor-sharp scales. (AC +2, Slay +2)


Message History

The kobold brigand is almost dead.
The kobold closely misses you. The kobold brigand barely misses you.
Unknown command.
You slash the kobold brigand!
You kill the kobold brigand!
Lugonu accepts your kill.
You hear a splash.
The kobold hits you but does no damage.
You feel your strength returning.
Unknown command.
You slash the kobold!
You kill the kobold!
Lugonu accepts your kill.
You hear a splash.
* * * LOW HITPOINT WARNING * * *
You feel sick.
The kobold splashes around in the water.
You catch the helpless kobold completely off-guard!
You hit the kobold.
You kill the kobold!
Lugonu accepts your kill.
You hear a splash. x2
Unknown command.
You slash the kobold!
You kill the kobold!
Lugonu accepts your kill.
You hear a splash.
Unknown command.
There is a lethal amount of poison in your body!
There is a lethal amount of poison in your body!
There is a lethal amount of poison in your body!
There is a lethal amount of poison in your body!
Press: ? - help, v - describe, . - travel, g - get item Item here: a jackal corpse.
The floor.
You enter the shallow water.
Moving in this stuff is going to be slow. ...and don't expect to remain undetected.
Items here: ( )) †.
You die...

#.≈≈≈.# ##≈≈≈≈.##
#..≈≈≈.≈################
#≈.≈≈≈≈≈≈≈≈≈≈≈≈≈≈≈≈≈≈≈≈≈
#≈.≈≈≈≈≈################
#..≈≈≈≈.# #.≈≈≈≈).#
#.≈≈≈≈))# #≈≈≈≈≈≈@#
#≈≈≈≈≈≈.# #..≈≈≈..#
#..≈..≈.# ####.#### ..
... #..


There were no monsters in sight!

Vanquished Creatures
  A kobold brigand (Sewer)
  Robin (D:3)
  3 river rats (Sewer)
  4 adders
  2 oozes (D:1)
  A worm (D:2)
  A leopard gecko (D:1)
  5 orcs
  3 bats
  8 giant cockroaches
  16 goblins
  12 hobgoblins
  3 jackals
  5 kobolds
  6 frilled lizards
  9 rats
80 creatures vanquished.

Notes
Turn   | Place    | Note
-------+----------+-------------------------------------------
     0 | Abyss:1  | dickylongcocking the Demonspawn Abyssal Knight began the
                  | quest for the Orb.
     0 | Abyss:1  | Reached XP level 1. HP: 18/18 MP: 2/2
    60 | D:1      | Escaped the Abyss
   134 | D:1      | Reached skill level 2 in Long Blades
   208 | D:1      | Gained mutation: You have sharp toenails. [demonic
                  | ancestry]
   208 | D:1      | Reached XP level 2. HP: 21/24 MP: 3/3
   585 | D:1      | Reached skill level 3 in Long Blades
   782 | D:1      | Gained mutation: You are partially covered in razor-sharp
                  | scales. (AC +1, Slay +1) [demonic ancestry]
   782 | D:1      | Reached XP level 3. HP: 28/29 MP: 4/4
   825 | D:1      | Reached ** piety under Lugonu
   940 | D:2      | Found a sparkling altar of Nemelex Xobeh.
  1599 | D:2      | Reached skill level 4 in Long Blades
  1599 | D:2      | Gained mutation: You have razor-sharp toenails. [demonic
                  | ancestry]
  1599 | D:2      | Reached XP level 4. HP: 35/35 MP: 5/5
  2207 | D:3      | Noticed Robin
  2218 | D:3      | Reached *** piety under Lugonu
  2221 | D:3      | Found a glowing drain.
  2223 | D:3      | Killed Robin
  2231 | D:3      | Gained mutation: You are mostly covered in razor-sharp
                  | scales. (AC +2, Slay +2) [demonic ancestry]
  2231 | D:3      | Reached XP level 5. HP: 37/41 MP: 6/6
  2242 | Sewer    | Entered a sewer
  2256 | Sewer    | Reached skill level 5 in Long Blades
  2461 | Sewer    | HP: 2/41 [kobold brigand (1)]
  2469 | Sewer    | Succumbed to kobold brigand's curare-tipped dart

Illustrated notes

Levels and vault maps discovered:
D:1:      matt_arrival_los_fun, layout_basic, chequers_serial_rivers_large_a,
          hangedman_decor_clover_reticule
D:2:      layout_basic, nemelex_xobeh_ov_fountains_minmay,
          guppyfry_early_orc_mine
D:3:      layout_loops_ring, portal_sewer_entry_a, st_stairs_11, uniq_robin
Sewer:    sewer_kobolds

Skill      XL: |  1  2  3  4  5 |
---------------+----------------+-----
Long Blades    | 2 3 4 5 |  5.6
Fighting       | |  3.0
Armour         | |  1.7
Dodging        | |  0.8
Invocations    | |  2.4

Action                   |  1- 3 |  4- 6 || total
-------------------------+-------+-------++-------
Melee: Falchion          |    92 |    86 ||   178
       Kick              |    17 |    22 ||    39
       Unarmed           |       |    14 ||    14
  Use: Potion            |       |     7 ||     7
 Stab: Invisible         |       |     1 ||     1
Armor: Leather armour    |    10 |       ||    10
       Ring mail         |    32 |    43 ||    75
       Skin              |       |    14 ||    14
Dodge: Dodged            |    48 |    55 ||   103
       Rpst.: Falchion   |    20 |    16 ||    36

Table legend: (Time is in decaauts)
 A = Elapsed time spent in this place.
 B = Non-inter-level travel time spent in this place.
 C = Inter-level travel time spent in this place.
 D = Time resting spent in this place.
 E = Time spent auto-exploring this place.
 F = Levels seen in this place.
 G = Mean time per level.
                   A        B        C        D        E       F      G
               +--------+--------+--------+--------+--------+-----+--------+
         Total |   2525 |   2454 |     71 |     40 |   1963 |   5 |  505.0 |
       Dungeon |   2214 |   2143 |     71 |     40 |   1708 |   3 |  738.0 |
         Abyss |     60 |     60 |      0 |      0 |     51 |   1 |   60.0 |
         Sewer |    251 |    251 |      0 |      0 |    203 |   1 |  251.0 |
               +--------+--------+--------+--------+--------+-----+--------+

Top non-repeatable levels by time:
     D:1: 862 daAuts
     D:2: 816 daAuts
     D:3: 535 daAuts
   Sewer: 251 daAuts
 Abyss:1: 60 daAuts
